cohdb
Replays
Latest Replays
All Replays
Popular Replays
Top Player Replays
Match Explorer
How It Works
Community
CoH3 Stats
Reddit
Sign in to upload your games and track your stats! →
Sign in with Steam
Match 42801569
Unlisted
Match 42801569
Overview
Messages
Build Orders
End
Construct Barracks
Riflemen Squad
Riflemen Squad
M1 Mortar Team
Riflemen Squad
Infantry Support Center
Selects Advanced Infantry Battlegroup
Selects Convert to Ranger Squad
Convert to Ranger Squad
Selects Frontline Medical Station
Frontline Medical Station
Construct Motor Pool
Selects Artillery Observers
M8 Greyhound Armored Car
Convert to Ranger Squad
M8 Greyhound Armored Car
Engineer Squad
Construct Tank Depot
M1 Anti-tank Gun Team
Selects Infantry Assault
Infantry Assault
Selects M2A1 105mm Howitzer Emplacement
Infantry Assault
M18 Hellcat Tank Destroyer
Advanced Logistics
Selects 155mm Rapid Artillery Barrage
Survival Training
McRavatt
Casual Crusader
StarMinD
SilkyRex909
Quantum Ash
Joraad
Hakim
Wooden Box Jon
0
0
Comments
sign in to comment!
No comments posted yet!